 Dungeon Crawl Stone Soup version 0.30-a0-1006-g5d778dfbfc (webtiles) character file.

Game seed: 18083102114956955387

2504 Arcadio the Covert (level 9, -10/69 HPs)
             Began as a Vampire Brigand on Apr 5, 2023.
             Was a Believer of Nemelex Xobeh.
             Mangled by an orc knight
             ... wielding a +0 war axe
              (17 damage)
             ... in a bailey.
             The game lasted 00:18:56 (7662 turns).

Arcadio the Covert (Vampire Brigand)                Turns: 7662, Time: 00:18:56

Health: -10/69     AC:  7    Str: 12    XL:     9   Next: 28%
Magic:  9/9        EV: 15    Int: 14    God:    Nemelex Xobeh [**....]
Gold:   230        SH:  0    Dex: 19    Spells: 8/8 levels left

rFire   + . .      SeeInvis +    s - +2 dagger (venom)
rCold   + . .      Faith    .    (no shield)
rNeg    . . .      Spirit   .    F - +2 robe {rF+}
rPois   .          Reflect  .    y - +0 helmet
rElec   +          Rampage  .    c - +0 cloak
rCorr   +                        k - +0 pair of gloves
Will    .....                    (no boots)
Stlth   +++++                    (no amulet)
HPRegen 0.51/turn                w - ring "Igilil" {rElec rCorr Str+2 SInv}
MPRegen 0.11/turn                O - ring of protection from cold

@: healing quickly
A: alive, fangs 3, see invisible, vampiric 2
a: Exsanguinate, Renounce Religion, Draw Escape, Draw Destruction, Draw
Summoning


You were in a bailey.
You worshipped Nemelex Xobeh.
Nemelex Xobeh was pleased with you.
You visited 1 branch of the dungeon, and saw 7 of its levels.
You also visited: Bailey.

You collected 424 gold pieces.
You spent 194 gold pieces at shops.

Inventory:

Hand Weapons
 a - a +2 dagger
 s - a +2 dagger of venom (weapon)
 J - a +4 short sword
 L - a +2 dagger of speed
Missiles
 d - 41 poisoned darts (quivered)
 e - 3 curare-tipped darts
Armour
 b - a +0 robe
 c - a +0 cloak (worn)
 k - a +0 pair of gloves (worn)
 y - a +0 helmet (worn)
 z - a +2 robe
 F - a +2 robe of fire resistance (worn)
 H - a +2 tower shield of protection
Jewellery
 w - the ring "Igilil" (left hand) {rElec rCorr Str+2 SInv}
   (You bought it in a shop on level 3 of the Dungeon)

   [ring of see invisible]

   Str:       It affects your strength (+2).
   rElec:     It insulates you from electricity.
   SInv:      It lets you see invisible.
   rCorr:     It protects you from acid and corrosion.
 O - a ring of protection from cold (right hand)
Wands
 M - a wand of acid (8)
 N - a wand of flame (19)
Scrolls
 j - a scroll of fear
 l - a scroll of poison
 n - a scroll of immolation
 o - a scroll of fog
 p - a scroll of summoning
 q - a scroll of identify
 t - 3 scrolls of teleportation
 u - a scroll of blinking
 v - a scroll of brand weapon {unknown}
 K - a scroll of acquirement {unknown}
 P - a scroll of enchant weapon {unknown}
Potions
 f - 5 potions of curing {unknown}
 g - 3 potions of might {unknown}
 h - 3 potions of ambrosia {unknown}
 i - 4 potions of lignification {unknown}
 m - 2 potions of berserk rage {unknown}
 r - a potion of invisibility {unknown}
 x - 4 potions of degeneration {unknown}
 A - a potion of haste {unknown}
 B - 2 potions of magic {unknown}
 C - 4 potions of heal wounds {unknown}
 D - a potion of cancellation {unknown}
 E - a potion of attraction {unknown}
 G - a potion of brilliance {unknown}
 I - a potion of flight {unknown}


   Skills:
 + Level 6.2 Fighting
 + Level 7.5 Short Blades
 - Level 1.6 Throwing
 + Level 5.7 Dodging
 + Level 11.8 Stealth


You had 8 spell levels left.
You didn't know any spells.
Your spell library contained the following spells:

 Spells                   Type           Power      Damage    Failure   Level
 Cigotuvi's Dreadful Rot  Necr/Pois/Air  0%         N/A       41%         2
 Call Canine Familiar     Summ           0%         N/A       65%         3
 Frozen Ramparts          Ice            0%         1d1       65%         3
 Portal Projectile        Hex/Tloc       0%         N/A       65%         3
 Dispel Undead            Necr           0%         3d6       96%         4
 Ice Form                 Ice/Tmut       0%         N/A       96%         4
 Leda's Liquefaction      Hex/Erth       0%         N/A       96%         4
 Summon Ice Beast         Ice/Summ       0%         N/A       96%         4
 Death Channel            Necr           0%         N/A       100%        6
 Ozocubu's Refrigeration  Ice            0%         4d7       100%        7


Dungeon Overview and Level Annotations

Branches:
Dungeon (7/15) Zot: 26898  Temple (0/1) D:7          Bailey (1/1) Zot: 5558

Altars:
Nemelex Xobeh

Shops:
D:2 :   D:3 [*


Innate Abilities, Weirdness & Mutations

Your natural rate of healing is accelerated.
You have razor-sharp teeth.
You have supernaturally acute eyesight. (SInv)
You are afflicted with vampirism and can become a bat while bloodless.


Message History

Things that are here:
a +0 war axe; a +0 ring mail; an orc corpse You barely miss the hobgoblin.
You hit the hobgoblin.
The hobgoblin is poisoned.
The hobgoblin is lightly wounded.
You barely miss the goblin. The hobgoblin barely misses you.
The goblin closely misses you.
You hit the hobgoblin.
The hobgoblin looks as sick as possible!
The hobgoblin is moderately wounded.
You hit the goblin.
The goblin is severely wounded.
You kill the hobgoblin!
The goblin closely misses you.
You closely miss the goblin.
The goblin is severely wounded.
You hit the goblin but do no damage.
The goblin is poisoned.
You bite the goblin.
You kill the goblin!
The orc knight roars a battlecry!
The orc warrior hits you with a +0 war axe!
The orc warrior no longer looks unusually strong.
The orc knight roars a battlecry!
The orc warrior goes into a battle-frenzy!
The orc warrior attacks as you move away!
The orc warrior hits you with a +0 war axe!
The orc warrior attacks as you move away!
The orc warrior barely misses you.
The orc knight attacks as you move away!
The orc knight hits you with a +0 war axe!
The orc warrior attacks as you move away!
The orc warrior misses you.
The orc grunts noisily, in orcish tradition.
The orc warrior attacks as you move away!
The orc warrior hits you with a +0 war axe!
* * * LOW HITPOINT WARNING * * *
The orc knight attacks as you move away!
The orc knight hits you with a +0 war axe!
You die...
Your body glows slightly and disappears.

##......)##)......##)......##
#.......'........)).......#
##.....##[.......)##.....##
#######.....⌠.....#######
##.........## #.........#
##....o..## #...oo..#
##...@.## ♣♣##'''##♣♣
♣.........♣ ♣♣♣.......♣♣♣
♣.....∩.....♣ ♣..........♣♣
♣.....∩.....♣ ♣♣.........♣♣
♣........♣♣


You could see an orc knight, an orc warrior (strong) and an orc (strong).

Vanquished Creatures
  An orc knight (Bailey)
  A kobold demonologist (D:5)
  Duvessa (D:5)
  3 orc warriors (Bailey)
  3 black bears
  An ogre (D:5)
  An ice beast (D:6)
  2 kobold brigands (D:5)
  A bullfrog (D:7)
  A scorpion (D:5)
  4 wights (D:6)
  Dowan (D:5)
  A jelly (D:5)
  3 hounds
  Natasha (D:2)
  An iguana (D:6)
  An orc wizard (D:4)
  7 gnolls
  8 adders
  A shadow imp (D:6)
  2 white imps
  An ufetubus (D:5)
  A worm (D:2)
  3 dart slugs
  19 orcs
  2 ball pythons
  5 endoplasms
  2 giant cockroaches
  13 goblins
  11 hobgoblins
  A quokka (D:4)
  2 frilled lizards (D:3)
  16 kobolds
  6 rats
127 creatures vanquished.

Vanquished Creatures (others)
  A plant (D:3)
  4 toadstools (D:1)
5 creatures vanquished.

Grand Total: 132 creatures vanquished

Notes
Turn   | Place    | Note
-------+----------+-------------------------------------------
     0 | D:1      | Arcadio the Vampire Brigand began the quest for the Orb.
     0 | D:1      | Reached XP level 1. HP: 16/16 MP: 1/1
   380 | D:1      | Reached skill level 6 in Stealth
   551 | D:1      | Reached XP level 2. HP: 22/22 MP: 2/2
  1436 | D:2      | Gained mutation: You are afflicted with vampirism and can
                  | become a bat while bloodless. [Vampire growth]
  1436 | D:2      | Reached XP level 3. HP: 18/28 MP: 3/3
  1485 | D:2      | Got the Codex of Chilling Poison
  1511 | D:2      | Found Feeman's Book Shoppe.
  1703 | D:2      | Noticed Natasha
  1727 | D:2      | Killed Natasha
  1728 | D:2      | Reached XP level 4. HP: 10/34 MP: 4/4
  2646 | D:3      | Reached skill level 7 in Stealth
  2744 | D:3      | Found a sparkling altar of Nemelex Xobeh.
  2751 | D:3      | Became a worshipper of Nemelex Xobeh the Trickster
  2793 | D:3      | Found Raebri's Assorted Antiques.
  2800 | D:3      | Bought a scroll labelled WEABRO AHIHAKI for 16 gold pieces
  2800 | D:3      | Bought a bubbling pink potion for 14 gold pieces
  2800 | D:3      | Bought a shimmering wooden ring for 80 gold pieces
  2800 | D:3      | Identified the ring "Igilil" {rElec rCorr Str+2 SInv} (You
                  | bought it in a shop on level 3 of the Dungeon)
  2800 | D:3      | Bought a metallic white potion for 14 gold pieces
  2805 | D:3      | Found Pusem's Antique Armour Shoppe.
  3123 | D:3      | Bought a runed robe for 70 gold pieces
  3572 | D:4      | Noticed a black bear
  3921 | D:4      | Reached XP level 5. HP: 28/41 MP: 5/5
  3961 | D:4      | Reached * piety under Nemelex Xobeh
  4050 | D:4      | Killed a black bear
  4215 | D:4      | Received a gift from Nemelex Xobeh
  4387 | D:4      | Reached skill level 8 in Stealth
  4481 | D:5      | Entered Level 5 of the Dungeon
  4567 | D:5      | Reached XP level 6. HP: 47/47 MP: 6/6
  4608 | D:5      | Noticed Duvessa
  4627 | D:5      | Noticed Dowan
  4631 | D:5      | Killed Duvessa
  4669 | D:5      | Killed Dowan
  5097 | D:5      | Reached skill level 5 in Short Blades
  5097 | D:5      | Reached XP level 7. HP: 33/54 MP: 7/7
  5241 | D:5      | Reached skill level 9 in Stealth
  5499 | D:6      | Noticed a kobold demonologist
  5511 | D:6      | Reached ** piety under Nemelex Xobeh
  5511 | D:6      | Received a gift from Nemelex Xobeh
  5976 | D:6      | Noticed a hellwing
  6133 | D:5      | Noticed an ice devil
  6144 | D:5      | Killed a kobold demonologist
  6145 | D:5      | Reached skill level 10 in Stealth
  6145 | D:5      | Reached XP level 8. HP: 5/48 MP: 8/8
  6411 | D:6      | Reached skill level 5 in Fighting
  6651 | D:6      | Identified the +0 tower shield "Buih" {Harm rF+ Stlth+}
  7110 | D:7      | Found a flagged portal.
  7124 | D:7      | Reached skill level 11 in Stealth
  7183 | Bailey   | Entered a bailey
  7348 | Bailey   | Noticed an orc knight
  7395 | Bailey   | Reached skill level 5 in Dodging
  7530 | Bailey   | Reached XP level 9. HP: 48/62 MP: 9/9
  7567 | Bailey   | Killed an orc knight
  7631 | Bailey   | Noticed an orc knight
  7662 | Bailey   | Mangled by an orc knight

Illustrated notes

Levels and vault maps discovered:
D:1:      dpeg_arrival_tiny_a, layout_basic, minmay_gold_behind_fungi
D:2:      layout_basic, serial_shops, shop, basic_altar, uniq_natasha
D:3:      layout_basic, nemelex_xobeh_ov_fountains_minmay, serial_shops,
          nicolae_shop_overgrown_old_shop, nicolae_shop_hallway_stairs
D:4:      layout_basic
D:5:      layout_cave_pods, uniq_duvessa
D:6:      black_bear_nest_2, layout_cave_pools, minmay_between
D:7:      layout_rooms, jmf_multi_god_temple, minmay_temple_entry_crystal_x,
          serial_shops, nicolae_shop_statue_plus, enter_bailey_3
Bailey:   bailey_axe_minmay_hex_keep, bailey

Skill      XL: |  1  2  3  4  5  6  7  8  9 |
---------------+----------------------------+-----
Stealth        | 6 7 8 10 11 | 11.8
Fighting       | 2 3 4 5 6 |  6.2
Short Blades   | 3 4 5 6 7 |  7.5
Dodging        | 3 5 |  5.7
Throwing       | |  1.6

Action                     |  1- 3 |  4- 6 |  7- 9 || total
---------------------------+-------+-------+-------++-------
  Melee: Dagger            |    73 |   126 |   269 ||   468
         Bite              |     7 |    21 |    35 ||    63
         Punch             |     3 |     1 |     7 ||    11
  Throw: Dart              |       |       |     1 ||     1
 Invoke: Draw Destruction  |       |     3 |       ||     3
Ability: Exsanguinate      |       |       |     1 ||     1
         Revivify          |       |       |     1 ||     1
  Evoke: Wand              |       |       |     4 ||     4
    Use: Scroll            |       |     1 |     8 ||     9
   Stab: Sleeping          |     8 |     7 |    14 ||    29
         Distracted        |       |       |     1 ||     1
 Armour: Robe              |     9 |    55 |    67 ||   131
  Dodge: Dodged            |    26 |    67 |   144 ||   237

Table legend: (Time is in decaauts)
 A = Elapsed time spent in this place.
 B = Non-inter-level travel time spent in this place.
 C = Inter-level travel time spent in this place.
 D = Time resting spent in this place.
 E = Time spent auto-exploring this place.
 F = Levels seen in this place.
 G = Mean time per level.
                   A        B        C        D        E       F      G
               +--------+--------+--------+--------+--------+-----+--------+
         Total |   7573 |   7242 |    331 |    849 |   4436 |   8 |  946.6 |
       Dungeon |   7131 |   6800 |    331 |    778 |   4258 |   7 | 1018.7 |
        Bailey |    441 |    441 |      0 |     71 |    178 |   1 |  441.0 |
               +--------+--------+--------+--------+--------+-----+--------+

Top non-repeatable levels by time:
     D:5: 1744 daAuts
     D:2: 1470 daAuts
     D:3: 1149 daAuts
     D:1: 1063 daAuts
     D:4: 813 daAuts
     D:6: 789 daAuts
  Bailey: 441 daAuts
     D:7: 101 daAuts
